 Dungeon Crawl Stone Soup version 0.31-a0-1074-g0b22e4e0f1 (webtiles) character file.

Game seed: 4381328423997931432

41 73612iajs the Ducker (level 3, 0/15 HPs)
             Began as a Felid Air Elementalist on Dec 6, 2023.
             Succumbed to an adder's poison
             ... on level 2 of the Dungeon.
             The game lasted 00:24:42 (2447 turns).

73612iajs the Ducker (Felid Air Elementalist)       Turns: 2447, Time: 00:24:42

Health: 0/15       AC:  1    Str:  6    XL:     3   Next: 32%
Magic:  7/7        EV: 18    Int: 16    God:
Gold:   38         SH:  0    Dex: 16    Spells: 5/6 levels left
                                        Lives:  0   Deaths: 1

rFire   . .          .
                       - Unarmed
rCold   . . .        (shield unavailable)
rNeg    . . .        (body armour unavailable)
rPois   .            (helmet unavailable)
rElec   .            (cloak unavailable)
rCorr   .            (gloves unavailable)
SInv    +            (boots unavailable)
Will    .....        (no amulet)
Stlth   ++           (no ring)
HPRegen 0.22/turn    (no ring)
MPRegen 0.10/turn

%: no passive effects
@: lethally poisoned (0 -> -9), quick
A: very small, claws 1, fangs 3, see invisible, speed 1, shaggy fur 1, stealthy
paws, no weapons or thrown items, no armour, multi-lived
a: no special abilities


You were on level 2 of the Dungeon.
You visited 1 branch of the dungeon, and saw 2 of its levels.

You collected 38 gold pieces.

Inventory:

Hand Weapons
 b - a +0 club
 c - a +0 sling
 d - a +0 club
 e - a +0 dagger
 g - a +1 long sword of holy wrath
 j - a +0 dagger
 k - a +0 mace
Missiles
 h - 12 stones
Armour
 f - a +0 robe
Jewellery
 l - a ring of poison resistance
Scrolls
 i - 2 scrolls of identify
Potions
 a - a potion of magic


   Skills:
 + Level 0.4 Fighting
 + Level 3.4 Dodging
 + Level 3.0 Stealth
 + Level 1.1 Unarmed Combat
 + Level 2.2 Spellcasting
 + Level 0.8 Conjurations
 + Level 3.0 Air Magic


You had 5 spell levels left.
You knew the following spells:

 Your Spells              Type           Power      Damage    Failure   Level
a - Shock                 Conj/Air       32%        1d5       9%          1

Your spell library contained the following spells:

 Spells                   Type           Power      Damage    Failure   Level
 Static Discharge         Conj/Air       16%        3-4/arc   14%         2
 Swiftness                Air            11%        N/A       17%         3
 Ensorcelled Hibernation  Hex/Ice        2%         N/A       30%         2
 Jinxbite                 Hex            2%         N/A       30%         2
 Passwall                 Tmut/Erth      0%         N/A       30%         2
 Airstrike                Air            5%         2d(1-17)  50%         4
 Anguish                  Hex/Necr       0%         N/A       90%         4


Dungeon Overview and Level Annotations

Branches:
Dungeon (2/15)

Altars:


Innate Abilities, Weirdness & Mutations

You have sharp claws.
You have razor-sharp teeth.
You have supernaturally acute eyesight. (SInv)
You cover ground quickly. (Speed+)
You are covered in fur. (AC +1)
Your paws help you pounce on unaware monsters.
You are incapable of wielding weapons or throwing items.
You cannot wear armour.
You gain extra lives every three experience levels.


Message History

You kill the frilled lizard!
The ball python bites you but does no damage.
The ball python grabs you. The ball python constricts you.
You scratch the ball python.
You kill the ball python!
You see here a ball python corpse.
You open the door.
There is an open door here.
There is an open door here.
You see here a ball python corpse.
There is an escape hatch in the ceiling here.
l - a ring of poison resistance
There is an open door here.
There is an open door here.
There is an escape hatch in the ceiling here.
You see here a ball python corpse.
There is an escape hatch in the ceiling here.
There is an open door here.
You see here a bat corpse.
An adder comes into view.
The adder hisses angrily.
The adder barely misses you.
You miss the adder. The adder completely misses you. The adder bites you.
You are poisoned.
The adder poisons you!
You scratch the adder.
The adder is lightly wounded.
You feel sick. The adder closely misses you.
You barely miss the adder. Your bite misses the adder.
The adder is lightly wounded.
You feel sick. The adder closely misses you.
You closely miss the adder.
The adder is lightly wounded.
You feel sick. The adder bites you. x2
* * * LOW HITPOINT WARNING * * *
You are more poisoned.
The adder poisons you!
You miss the adder. Your bite misses the adder.
The adder is lightly wounded.
You die...

#.###.......#
##.###.##.##.#
###.†.##.##.##.#
.........##.##.#
#.#...#####.##.#
#.##........##.#
. #.#########.#
#.# #.#####
##'## #..@S.#
##...## #####.#
##..<..## #
#.......##
....†....#
.........+
.........#
#.......##
##.....##


You could see an adder.

Vanquished Creatures
  An adder (D:2)
  A dart slug (D:1)
  5 bats
  2 endoplasms (D:1)
  A giant cockroach (D:2)
  3 goblins (D:1)
  2 hobgoblins
  4 kobolds (D:1)
  2 quokkas (D:1)
  2 ball pythons
  3 frilled lizards
  3 rats
29 creatures vanquished.

Notes
Turn   | Place    | Note
-------+----------+-------------------------------------------
     0 | D:1      | 73612iajs the Felid Air Elementalist began the quest for
                  | the Orb.
     0 | D:1      | Reached XP level 1. HP: 7/7 MP: 4/4
   213 | D:1      | Frozen to death by an endoplasm
   346 | D:1      | Reached XP level 2. HP: 3/11 MP: 6/6
  2310 | D:2      | Reached XP level 3. HP: 14/14 MP: 7/7
  2319 | D:2      | Reached skill level 1 in Unarmed Combat
  2447 | D:2      | Succumbed to an adder's poison

Illustrated notes

Levels and vault maps discovered:
D:1:      saegor_arrival_miasma, layout_basic
D:2:      layout_loops_corners, basic_altar

Skill      XL: |  1  2  3 |
---------------+----------+-----
Dodging        | 3 |  3.4
Air Magic      | 3 |  3.0
Stealth        | 3 |  3.0
Unarmed Combat | 1 |  1.1
Fighting       | |  0.4
Spellcasting   | |  2.2
Conjurations   | |  0.8

Action                     || total
---------------------------++-------
  Melee: Unarmed           ||    91
         Bite              ||    11
   Cast: Shock             ||     1
    Use: Scroll            ||     2
   Stab: Sleeping          ||     3
 Armour: Skin              ||    64
  Dodge: Dodged            ||   130

Table legend: (Time is in decaauts)
 A = Elapsed time spent in this place.
 B = Non-inter-level travel time spent in this place.
 C = Inter-level travel time spent in this place.
 D = Time resting spent in this place.
 E = Time spent auto-exploring this place.
 F = Levels seen in this place.
 G = Mean time per level.
                   A        B        C        D        E       F      G
               +--------+--------+--------+--------+--------+-----+--------+
         Total |   2024 |   1846 |    178 |    200 |     41 |   2 | 1012.0 |
       Dungeon |   2024 |   1846 |    178 |    200 |     41 |   2 | 1012.0 |
               +--------+--------+--------+--------+--------+-----+--------+

Top non-repeatable levels by time:
     D:1: 1856 daAuts
     D:2: 168 daAuts
